 Dungeon Crawl Stone Soup version 0.21.0 (webtiles) character file.

46 Charly the Skirmisher (level 3, 0/24 HPs)
             Began as a Gargoyle Fighter on Jan 5, 2018.
             Killed from afar by Natasha (2 damage)
             ... with a magic dart
             ... on level 2 of the Dungeon.
             The game lasted 00:01:37 (964 turns).

Charly the Skirmisher (Gargoyle Fighter)             Turns: 964, Time: 00:01:37

Health: 0/24       AC: 14    Str: 20    XL:     3   Next: 68%
Magic:  12/12      EV:  3    Int:  8    God:
Gold:   94         SH:  9    Dex:  9    Spells: 2/2 levels left

rFire    . . .     SeeInvis .   a - +0 war axe
rCold    . . .     Gourm    .   c - +0 shield
rNeg     + . .     Faith    .   n - +0 plate armour
rPois    ∞         Spirit   .   (no helmet)
rElec    +         Reflect  .   (no cloak)
rCorr    .         Harm     .   (no gloves)
MR       .....                  (no boots)
Stlth    ..........             (no amulet)
HPRegen  0.08/turn              l - ring of magical power
MPRegen  0.13/turn              (no ring)

@: no status effects
A: negative energy resistance 1, electricity resistance, unbreathing,
petrification resistance, rot immunity, AC +3
a: no special abilities


You were on level 2 of the Dungeon.
You were not hungry.

You visited 1 branch of the dungeon, and saw 2 of its levels.

You collected 94 gold pieces.

Inventory:

Hand Weapons
 a - a +0 war axe (weapon)
Armour
 c - a +0 shield (worn)
 n - a +0 plate armour (worn)
Jewellery
 l - a ring of magical power (left hand)
Scrolls
 e - 5 scrolls of identify {unknown}
 g - a scroll of remove curse {unknown}
 i - a scroll of fog {unknown}
Potions
 d - a potion of might
 h - 2 potions of magic {unknown}
 j - a potion of heal wounds {unknown}
 k - a potion of haste {unknown}
 m - a potion of agility {unknown}
Comestibles
 f - 4 rations


   Skills:
 + Level 3.8 Fighting
 * Level 2.9 Axes
 + Level 3.4 Armour
 - Level 3.3 Shields


You had 2 spell levels left.
You didn't know any spells.

Dungeon Overview and Level Annotations

Branches:
Dungeon (2/15)

Altars:
Zin

Annotations:
D:2 Natasha


Innate Abilities, Weirdness & Mutations

You are resistant to torment.
Your stone body is resilient. (AC +3)
You are immune to poison.
You resist negative energy. (rN+)
You are resistant to electric shocks. (rElec)
You can survive without breathing.
You are immune to petrification.
You are immune to rotting.


Message History

Natasha claws you but does no damage. The rat completely misses you.
Natasha claws you.
* * * LOW HITPOINT WARNING * * *
The rat completely misses you.
You are too injured to fight recklessly!
Your shield and plate armour prevent you from hitting Natasha.
Natasha is severely wounded.
You hit the rat.
You kill the rat!
Natasha claws you but does no damage.
You closely miss Natasha.
Natasha is severely wounded.
You hit the crimson imp but do no damage.
The crimson imp disappears in a puff of smoke!
Natasha stares at you and mumbles some strange words.
The magic dart hits you!
* * * LOW HITPOINT WARNING * * *
Natasha stares at you and mumbles some strange words.
The magic dart hits you!
You die...

.# #....#(## #........#
## #......# ####.##### #
#....#.# #.# #....#.###
###.# ##....#...####...#
######.......#..##..###
.........##.###.#..##
.####..###...##...##
......###.....##@#######
.#####.#.......#h§......
#####......_..5..#######
#....#.......#.#
##.#..##.....##.# #
##..##..##...##..#..
...###...##.##..........
#####......).......g....
#...................


You could see Natasha.

Vanquished Creatures
  An ooze (D:1)
  2 worms (D:2)
  2 dart slugs (D:1)
  2 leopard geckos (D:1)
  2 giant cockroaches (D:1)
  3 goblins
  5 hobgoblins
  6 bats
  3 kobolds (D:1)
  4 rats
30 creatures vanquished.

Notes
Turn   | Place    | Note
-------+----------+-------------------------------------------
     0 | D:1      | Charly the Gargoyle Fighter began the quest for the Orb.
     0 | D:1      | Reached XP level 1. HP: 14/14 MP: 1/1
   157 | D:1      | Reached XP level 2. HP: 14/19 MP: 2/2
   520 | D:1      | Reached XP level 3. HP: 24/24 MP: 3/3
   629 | D:2      | Found a glowing silver altar of Zin.
   944 | D:2      | Noticed Natasha
   964 | D:2      | Killed from afar by Natasha

Skill      XL: |  1 |
---------------+----+-----
Axes           | 2 |  2.9
Fighting       | |  3.8
Armour         | |  3.4
Shields        | |  3.3

Action                   || total
-------------------------++-------
Melee: War axe           ||   108
Armor: Scale mail        ||    57
       Plate armour      ||    21
Dodge: Dodged            ||    43
Block: Shield            ||    73
